 Dungeon Crawl Stone Soup version 0.19.0-22-gd96e5fe (webtiles) character file.

400 Jannitor the Skirmisher (level 6, -5/49 HPs)
             Began as a Demonspawn Skald on Nov 18, 2016.
             Slain by an ogre
             ... wielding a +0 giant club
              (24 damage)
             ... on level 5 of the Dungeon.
             The game lasted 00:06:54 (4320 turns).

Jannitor the Skirmisher (Demonspawn Skald)          Turns: 4320, Time: 00:06:55

Health: -5/49      AC:  7    Str: 12    XL:     6   Next: 54%
Magic:  3/9        EV: 11    Int: 16    God:
Gold:   237        SH:  0    Dex: 12    Spells: 2 memorised, 6 levels left

rFire  + . .     SeeInvis .     a - +1 falchion
rCold  . . .     Gourm    .     b - +0 leather armour
rNeg   . . .     Faith    .     (no shield)
rPois  .         Spirit   .     (no helmet)
rElec  .         Reflect  .     (no cloak)
rCorr  .         Harm     .     g - +0 pair of gloves
MR     .....                    (no boots)
Stlth  +.........               (no amulet)
                                (no ring)
                                (no ring)

@: infused
A: slimy green scales 2, fire resistance 1, powered by death 1
a: no special abilities


You were on level 5 of the Dungeon.
You were not hungry.

You visited 1 branch of the dungeon, and saw 5 of its levels.

You collected 237 gold pieces.

Inventory:

Hand Weapons
 a - a +1 falchion (weapon)
Missiles
 e - 19 tomahawks
 u - a throwing net (quivered)
Armour
 b - a +0 leather armour (worn)
 g - a +0 pair of gloves (worn)
 x - the +6 scale mail of Cunischu {rF+ Int+4 Slay+2 SInv}
   (You found it on level 4 of the Dungeon)

   It affects your intelligence (+4).
   It affects your accuracy and damage with ranged weapons and melee attacks
   (+2).
   It protects you from fire.
   It lets you see invisible.
Wands
 k - a wand of flame (29/48)
 v - a wand of teleportation (4/9)
 w - a wand of lightning (5/15)
Scrolls
 h - 2 scrolls of remove curse
 l - 5 scrolls of identify
Potions
 i - a potion of curing {unknown}
 o - a potion of magic {unknown}
 p - a potion of haste {unknown}
 r - a potion of berserk rage {unknown}
 s - a potion of agility {unknown}
Books
 c - a book of Battle

   Spells                             Type                      Level
   a - Infusion                       Charms                       1
   b - Shroud of Golubria             Charms/Translocation         2
   c - Song of Slaying                Charms                       2
   d - Spectral Weapon                Hexes/Charms                 3
   e - Regeneration                   Charms/Necromancy            3
Comestibles
 d - 5 bread rations
 f - 5 meat rations
 n - a beef jerky
 t - 3 fruits


   Skills:
 + Level 4.5 Fighting
 + Level 4.0 Long Blades
 + Level 0.8 Armour
 - Level 0.8 Dodging
 - Level 2.0 Spellcasting
 + Level 4.1 Charms


You had 6 spell levels left.
You knew the following spells:

 Your Spells              Type           Power        Failure   Level  Hunger
a - Infusion              Chrm           ###.         6%          1    #......
b - Shroud of Golubria    Chrm/Tloc      #.........   17%         2    ###....


Dungeon Overview and Level Annotations

Branches:
Dungeon (5/15)
 Temple: D:4-7

Altars:
Ashenzari
Elyvilon
Qazlal
Ru
Vehumet

Shops:
D:4 [

Annotations:
D:4 1 runed door


Innate Abilities, Weirdness & Mutations

You are mostly covered in slimy green scales. (AC +3)
Your flesh is heat resistant. (rF+)
You regenerate a little health from kills.


Message History

Unknown command.
An ogre comes into view. It is wielding a giant club.
The ogre shouts!
Casting: Infusion
Confirm with . or Enter, or press ? or * to list all spells.
Space distorts slightly along a thin shroud covering your body.
Casting: Shroud of Golubria
Confirm with . or Enter, or press ? or * to list all spells.
You begin infusing your attacks with magical energy.
You slash the ogre!
The ogre is heavily wounded.
The ogre hits you with a giant club!!
You hit the ogre!
The ogre is severely wounded.
The ogre hits you with a giant club!
Your shroud falls apart!
You hit the ogre!
The ogre is almost dead.
The ogre hits you with a giant club!!
You die...

<..................
................###
..................
.................##
...............###
#...........##
...###.#.##....###
#................
###......@O...##
#..........##
#..###..........
#.# #.......... #.
#.........≈ #
#.........≈
#.........#
....#######


You could see an ogre.

Vanquished Creatures
  A phantom (D:4)
  An ogre (D:4)
  A hound (D:4)
  2 orc wizards
  A worker ant (D:4)
  4 adders
  An ooze (D:1)
  An adder skeleton (D:4)
  4 worms
  2 dart slugs
  2 leopard geckos
  8 orcs
  3 giant cockroaches
  8 hobgoblins
  3 jackals (D:2)
  7 quokkas
  A ball python (D:1)
  5 bats
  A frilled lizard (D:1)
  9 goblins
  6 kobolds
  2 rats
73 creatures vanquished.

Notes
Turn   | Place    | Note
-------+----------+-------------------------------------------
     0 | D:1      | Jannitor the Demonspawn Skald began the quest for the Orb.
     0 | D:1      | Reached XP level 1. HP: 16/16 MP: 3/3
   352 | D:1      | Found a shattered altar of Ashenzari.
   389 | D:1      | Gained mutation: You regenerate a little health from kills. [demonic ancestry]
   389 | D:1      | Reached XP level 2. HP: 22/22 MP: 0/5
   581 | D:1      | Learned a level 2 spell: Shroud of Golubria
   942 | D:1      | Gained mutation: You are partially covered in slimy green scales. (AC +2) [demonic ancestry]
   942 | D:1      | Reached XP level 3. HP: 28/28 MP: 6/6
  1475 | D:2      | Found a white marble altar of Elyvilon.
  1695 | D:2      | Gained mutation: Your flesh is heat resistant. (rF+) [demonic ancestry]
  1695 | D:2      | Reached XP level 4. HP: 29/35 MP: 0/7
  1853 | D:3      | Found a radiant altar of Vehumet.
  1877 | D:3      | Found a stormy altar of Qazlal.
  3137 | D:4      | Gained mutation: You are mostly covered in slimy green scales. (AC +3) [demonic ancestry]
  3137 | D:4      | Reached XP level 5. HP: 22/41 MP: 1/8
  3372 | D:4      | Noticed an ogre
  3383 | D:4      | Killed an ogre
  3499 | D:4      | Found a sacrificial altar of Ru.
  3540 | D:4      | Noticed a water elemental
  3544 | D:4      | Noticed a fire elemental
  3546 | D:4      | Found a stormy altar of Qazlal.
  3562 | D:4      | Noticed an air elemental
  3585 | D:4      | Got a dazzling scale mail
  3698 | D:4      | Noticed a phantom
  3734 | D:4      | Killed a phantom
  3734 | D:4      | Reached XP level 6. HP: 17/49 MP: 5/9
  4094 | D:4      | Found a runed door.
  4132 | D:4      | Found Kickapso's Armour Boutique.
  4305 | D:5      | Entered Level 5 of the Dungeon
  4306 | D:5      | Identified the +6 scale mail of Cunischu {rF+ Int+4 Slay+2 SInv} (You found it on level 4 of the Dungeon)
  4320 | D:5      | Slain by an ogre

Skill      XL: |  1  2  3  4  5  6 |
---------------+-------------------+-----
Charms         | 3 4 |  4.1
Long Blades    | 2 3 4 |  4.0
Fighting       | 3 4 |  4.5
Armour         | |  0.8
Dodging        | |  0.8
Spellcasting   | |  2.0

Action                   |  1- 3 |  4- 6 || total
-------------------------+-------+-------++-------
Melee: Falchion          |   115 |   186 ||   301
Throw: Throwing net      |       |     2 ||     2
 Cast: Infusion          |     6 |     9 ||    15
       Shroud of Golubri |       |     4 ||     4
  Use: Scroll            |       |     6 ||     6
 Stab: Held in net/web   |       |     2 ||     2
       Sleeping          |       |     1 ||     1
  Eat: Chunk             |     2 |    10 ||    12
Armor: Leather armour    |    34 |    64 ||    98
Dodge: Dodged            |    87 |   108 ||   195
       Rpst.: Falchion   |    33 |    30 ||    63
